 Dungeon Crawl Stone Soup version 0.26.1-11-gd32895ea62 (webtiles) character file.

Game seed: 5725906802480721723

42 Urokeeper the Sneak (level 3, 0/27 HPs)
             Began as a Vampire Brigand on July 21, 2021.
             Slain by a kobold
             ... wielding a +0 short sword
              (3 damage)
             ... on level 2 of the Dungeon.
             The game lasted 00:09:42 (1432 turns).

Urokeeper the Sneak (Vampire Brigand)               Turns: 1432, Time: 00:09:43

Health: 0/27       AC:  3    Str: 10    XL:     3   Next: 33%
Magic:  3/3        EV: 12    Int: 13    God:
Gold:   17         SH:  0    Dex: 16    Spells: 2/2 levels left

rFire    . . .     SeeInvis +   l - +0 short sword
rCold    . . .     Faith    .   (no shield)
rNeg     . . .     Spirit   .   b - +0 robe
rPois    .         Reflect  .   (no helmet)
rElec    .         Harm     .   c - +0 cloak
rCorr    .         Rampage  .   (no gloves)
Will     .....                  (no boots)
Stlth    ++++......             (no amulet)
HPRegen  0.29/turn              (no ring)
MPRegen  0.08/turn              (no ring)

@: brilliant, regenerating quickly
A: fangs 3, see invisible, unbreathing
a: Exsanguinate


You were on level 2 of the Dungeon.
You visited 1 branch of the dungeon, and saw 2 of its levels.

You collected 17 gold pieces.

Inventory:

Hand Weapons
 a - a +2 dagger
 l - a +0 short sword (weapon)
Missiles
 d - 8 poisoned darts (quivered)
 e - 2 curare-tipped darts
 o - 23 bolts
Armour
 b - a +0 robe (worn)
 c - a +0 cloak (worn)
 m - a +0 ring mail
Jewellery
 k - an uncursed ring of wizardry {unknown}
 q - a cursed -4 ring of evasion {unknown}
Scrolls
 j - a scroll of magic mapping {unknown}
Potions
 g - a potion of flight {unknown}
 h - 2 potions of berserk rage {unknown}
 n - a potion of mutation {unknown}
 p - a potion of ambrosia {unknown}


   Skills:
 + Level 1.8 Fighting
 + Level 2.3 Short Blades
 + Level 1.5 Throwing
 + Level 1.1 Dodging
 + Level 7.7 Stealth


You had 2 spell levels left.
You didn't know any spells.
Your spell library was empty.

Dungeon Overview and Level Annotations

Branches:
Dungeon (2/15)

Altars:


Innate Abilities, Weirdness & Mutations

Your natural rate of healing is unusually fast.
You have razor-sharp teeth.
You have supernaturally acute eyesight. (SInv)
You can survive without breathing.


Message History

As you read the scroll of fog, it crumbles to dust.
The scroll dissolves into smoke.
The kobold barely misses you.
You hit the kobold.
The kobold is heavily wounded.
The kobold hits you with a +0 short sword.
* * * LOW HITPOINT WARNING * * *
You hit the kobold but do no damage.
The kobold is heavily wounded.
The kobold closely misses you.
You barely miss the kobold. Your bite misses the kobold.
The kobold is heavily wounded.
The kobold completely misses you.
You closely miss the kobold.
The kobold is heavily wounded.
The kobold hits you with a +0 short sword.
* * * LOW HITPOINT WARNING * * *
It was a potion of brilliance.
You feel clever all of a sudden.
The kobold hits you with a +0 short sword.
You die...

# #..# # # #..# .
# ##..## # # ....
# # ...# # ###
#§§# # ..#
#§§###### # ..####
#K§§.[..# # .....#
#@#####.# ..##.#
#§# #.# ..##.# #.#
#.# #####
####.###########.#
#.# #.... #
#.........<...#
#.# #.###
###############
#.# #.# #...†.#
#####.# #.#
#.###.# #.....#
#.# #.# #.#
#.###.# #.#


You could see a kobold.

Vanquished Creatures
  A worm (D:2)
  2 dart slugs
  A leopard gecko (D:1)
  3 giant cockroaches (D:1)
  2 hobgoblins (D:1)
  5 jackals (D:1)
  4 kobolds (D:1)
  A frilled lizard (D:2)
  9 goblins
  2 rats
30 creatures vanquished.

Notes
Turn   | Place    | Note
-------+----------+-------------------------------------------
     0 | D:1      | Urokeeper the Vampire Brigand began the quest for the Orb.
     0 | D:1      | Reached XP level 1. HP: 16/16 MP: 1/1
    23 | D:1      | Reached skill level 6 in Stealth
   282 | D:1      | Reached XP level 2. HP: 22/22 MP: 2/2
   586 | D:1      | Reached skill level 7 in Stealth
   845 | D:1      | Reached XP level 3. HP: 27/27 MP: 3/3
  1432 | D:2      | Slain by a kobold

Illustrated notes

Levels and vault maps discovered:
D:1:      dpeg_arrival_arbitrary_c, layout_basic
D:2:      layout_loops_ring, serial_glass, glass_columns_a, glass_columns_c

Skill      XL: |  1  2 |
---------------+-------+-----
Stealth        | 6 7 |  7.7
Fighting       | |  1.8
Short Blades   | |  2.3
Throwing       | |  1.5
Dodging        | |  1.1

Action                   || total
-------------------------++-------
Melee: Dagger            ||    41
       Bite              ||     4
       Short sword       ||    22
  Use: Scroll            ||     3
       Potion            ||     1
 Stab: Sleeping          ||    16
Armor: Robe              ||     6
Dodge: Dodged            ||    23
